 Dungeon Crawl Stone Soup version bcrawl-1.19.1 (webtiles) character file.

Game seed: 15906639097410678052

5205 Revguard the Martial Artist (level 10, -2/83 HPs)
             Began as a Demigod Transmuter on Dec 4, 2019.
             Slain by a vampire mosquito (3 damage)
             ... while petrified by Psyche
             ... on level 8 of the Dungeon.
             The game lasted 00:33:43 (9557 turns).

Revguard the Martial Artist (Demigod Transmuter)    Turns: 9557, Time: 00:33:44

Health: -2/83      AC:  2    Str: 18      XL:     10   Next: 35%
Magic:  19/19      EV:  5    Int: 17      God:    Demigod [****..]
Gold:   175        SH:  0    Dex: 20 (24) Spells: 1/17 levels left

rFire    + . .     SeeInvis .     - Unarmed
rCold    . . .     Gourm    .   (shield currently unavailable)
rNeg     + + +     Faith    .   (armour currently unavailable)
rPois    ∞         Spirit   .   (helmet currently unavailable)
rElec    .         Reflect  .   (cloak currently unavailable)
rCorr    .         Harm     .   (gloves currently unavailable)
MR       +++..                  (boots currently unavailable)
Stlth    ++........             y - amulet of Duhong {rPois MR++ Regen+}
HPRegen  0.63/turn              i - ring of protection from fire
MPRegen  0.16/turn              B - ring of poison resistance

@: lethally poisoned (-2 -> -2), spider-form, petrified
A: tiny, high mp 1
a: End Transformation, Temporal Distortion, Growth, Major Destruction, Heroism


You were on level 8 of the Dungeon.
You worshipped Demigod.
Demigod was greatly pleased with you.
You were very hungry.
You were a venomous arachnid creature.
You visited 1 branch of the dungeon, and saw 8 of its levels.
You also visited: Ossuary.

You collected 637 gold pieces.
You spent 462 gold pieces at shops.

Inventory:

Hand Weapons
 u - a +0 club
 G - the +3 hand crossbow "Zydgh" {penet, rC++, unknown}
   (You found it on level 5 of the Dungeon)

   Ammo fired by it will pass through the targets it hits, potentially hitting
   all targets in its path until it reaches maximum range.
   It greatly protects you from cold.
Missiles
 a - 1111 arrows
Armour
 e - a +0 pair of gloves (melded)
 g - a +2 helmet of intelligence (melded)
 p - a +0 leather armour (melded)
 t - a +0 pair of boots (melded)
Jewellery
 c - an uncursed ring of positive energy
 i - a ring of protection from fire (left front leg)
 m - an uncursed ring of fire
 y - the amulet of Duhong (around neck) {rPois MR++ Regen+}
   (You found it on level 5 of the Dungeon)

   [amulet of regeneration]

   It protects you from poison.
   It affects your resistance to hostile enchantments.
   It increases your rate of regeneration.
 B - a ring of poison resistance (right front leg)
 E - a +5 amulet of reflection {unknown}
Wands
 s - a wand of random effects (14)
 v - a wand of acid (9)
 C - a wand of paralysis (9)
Scrolls
 b - 5 scrolls of immolation
 d - 3 scrolls of blinking
 h - 4 scrolls of fog
 j - 3 scrolls of remove curse
 k - 4 scrolls of teleportation
 r - 2 scrolls of enchant weapon
 x - 2 scrolls of amnesia
Potions
 l - 4 potions of haste
 o - 7 potions of curing
 q - 5 potions of might
 w - 5 potions of heal wounds
 z - 3 potions of agility
 A - a potion of magic
 D - a potion of ambrosia
 F - a potion of brilliance
Miscellaneous
 n - a lightning rod (4/4)
Comestibles
 f - 14 rations {!d}


   Skills:
 * Level 5.8 Fighting
 + Level 2.6 Armour
 + Level 4.9 Dodging
 + Level 8.2 Unarmed Combat
 + Level 4.2 Spellcasting
 * Level 5.2 Transmutations
 + Level 2.4 Ice Magic
 + Level 0.2 Earth Magic
 + Level 2.7 Poison Magic
 * Level 5.1 Invocations


You had one spell level left.
You knew the following spells:

 Your Spells              Type           Power        Failure   Level  Hunger
a - Ice Form              Ice/Tmut       ###.....     52%         4    ####...
b - Sticks to Snakes      Tmut           ###.....     10%         2    ##.....
c - Spider Form           Tmut/Pois      ###          22%         3    ###....
d - Blade Hands           Tmut           ###.......   65%         5    ######.
e - Passwall              Tmut/Erth      ##......     21%         2    ##.....

Your spell library contained the following spells:

 Spells                   Type           Power        Failure   Level  Hunger
 Beastly Appendage        Tmut           ###...       8%          1    None
 Sandblast                Erth           #.....       32%         1    None
 Stone Arrow              Conj/Erth      #.....       63%         3    ###....
 Petrify                  Tmut/Erth      ##......     67%         4    ####...
 Lee's Rapid Deconstruct  Erth           #.........   99%         5    ######.


Dungeon Overview and Level Annotations

Branches:
Dungeon (8/12)             Temple (0/1) D:7
   Lair: D:7-9          Orc: D:8-11

Shops:
D:7 (*(![

Annotations:
D:5 2 runed doors


Innate Abilities, Weirdness & Mutations

You have an increased reservoir of magic. (+10% MP)


Message History

* * * LOW HITPOINT WARNING * * *
The vampire mosquito bites you!
* * * LOW HITPOINT WARNING * * *
The vampire mosquito bites you!
* * * LOW HITPOINT WARNING * * *
The vampire mosquito bites you.
* * * LOW HITPOINT WARNING * * *
The ice beast hits you but does no damage.
The vampire mosquito bites you.
* * * LOW HITPOINT WARNING * * *
The vampire mosquito bites you but does no damage.
The vampire mosquito bites you.
* * * LOW HITPOINT WARNING * * *
The ice beast hits you.
* * * LOW HITPOINT WARNING * * *
The ice beast freezes you.
* * * LOW HITPOINT WARNING * * *
The vampire mosquito bites you. The vampire mosquito bites you!
You die...
Your divinity fades.

+... #..#
# #..#.#
#..#.#
#....#
#....#
#yy..#
#sY..#
#.##.....
#.. ...
#### .


You could see 2 vampire mosquitoes and an ice beast.

Vanquished Creatures
  Psyche (D:8)
  A cyclops (D:5)
  An ugly thing (D:5)
  A hornet (D:7)
  Grinder (D:6)
  Sigmund (D:3)
  Eustachio (D:4)
  Menkaure (D:6)
  2 sky beasts
  A hornet zombie (D:6)
  3 ogres
  An orc warrior (D:6)
  2 phantoms (D:5)
  A bullfrog (D:7)
  A wyvern skeleton (D:5)
  10 scorpions
  A water moccasin skeleton (D:3)
  A howler monkey (D:5)
  3 crimson imps
  2 human zombies (Ossuary)
  3 quasits (D:4)
  3 centaur zombies (Ossuary)
  A bullfrog skeleton (D:4)
  2 jellies (D:7)
  5 hounds
  3 orc priests
  Terence (D:2)
  3 iguanas
  A worker ant (D:4)
  2 orc wizards
  A killer bee zombie (D:7)
  2 big kobold zombies (Ossuary)
  2 hound zombies
  3 mummies (Ossuary)
  A worker ant zombie (D:5)
  Robin (D:2)
  15 gnolls
  3 scorpion zombies (Ossuary)
  7 adders
  An adder zombie (D:5)
  2 adder skeletons
  4 worms
  2 dart slugs
  3 leopard geckos
  23 orcs
  A ball python (D:4)
  6 bats
  3 giant cockroaches
  9 goblins
  7 hobgoblins
  11 jackals
  2 quokkas
  A frilled lizard (D:1)
  2 gnoll zombies (Ossuary)
  8 kobolds
  2 kobold zombies (Ossuary)
  6 orc zombies (Ossuary)
  A quokka skeleton (D:5)
  9 rats
198 creatures vanquished.

Vanquished Creatures (collateral kills)
  A goblin (D:2)
1 creature vanquished.

Vanquished Creatures (others)
  A scorpion (Ossuary)
1 creature vanquished.

Grand Total: 200 creatures vanquished

Notes
Turn   | Place    | Note
-------+----------+-------------------------------------------
     0 | D:1      | Revguard the Demigod Transmuter began the quest for the
                  | Orb.
     0 | D:1      | Reached XP level 1. HP: 15/15 MP: 5/5
   285 | D:1      | Reached skill level 1 in Invocations
   285 | D:1      | Reached XP level 2. HP: 22/22 MP: 5/7
   289 | D:1      | Learned a level 2 spell: Sticks to Snakes
   446 | D:1      | Reached skill level 3 in Unarmed Combat
   907 | D:2      | Noticed Robin
   942 | D:2      | Killed Robin
   942 | D:2      | Reached skill level 1 in Fighting
   942 | D:2      | Reached XP level 3. HP: 4/28 MP: 4/8
   953 | D:2      | Reached * piety under Demigod
  1182 | D:2      | HP: 1/28 [worm (5)]
  1462 | D:2      | Learned a level 3 spell: Spider Form
  1612 | D:2      | Noticed Terence
  1618 | D:2      | Killed Terence
  1618 | D:2      | Reached XP level 4. HP: 27/35 MP: 6/10
  2576 | D:3      | Reached XP level 5. HP: 39/40 MP: 11/11
  2641 | D:3      | Reached skill level 1 in Poison Magic
  2661 | D:3      | Found a white marble altar of Elyvilon.
  2663 | D:3      | Noticed a sky beast
  2682 | D:3      | Killed a sky beast
  3057 | D:3      | Reached XP level 6. HP: 44/48 MP: 10/12
  3187 | D:3      | Reached ** piety under Demigod
  3302 | D:3      | Noticed Sigmund
  3345 | D:3      | Killed Sigmund
  3345 | D:3      | Reached skill level 1 in Armour
  3345 | D:3      | Reached skill level 4 in Unarmed Combat
  3370 | D:3      | Learned a level 4 spell: Ice Form
  3466 | D:3      | Reached XP level 7. HP: 46/56 MP: 14/14
  3766 | D:4      | Reached skill level 1 in Ice Magic
  3783 | D:4      | Identified the +2 robe of the Desert {rElec rF++ rCorr
                  | Dex-5}
  4288 | D:4      | Found a shimmering altar of Xom.
  4290 | D:4      | Noticed Eustachio
  4313 | D:4      | Killed Eustachio
  4313 | D:4      | Reached skill level 5 in Unarmed Combat
  4313 | D:4      | Reached XP level 8. HP: 48/63 MP: 12/16
  5140 | D:5      | Entered Level 5 of the Dungeon
  5195 | D:5      | Found a large runed door.
  5195 | D:5      | Found a large runed door.
  5202 | D:5      | Found a large runed door.
  5202 | D:5      | Found a large runed door.
  5203 | D:5      | Noticed a brown ugly thing
  5365 | D:5      | Got a translucent emerald amulet
  5366 | D:5      | Identified the amulet of Duhong {rPois MR++ Regen+} (You
                  | found it on level 5 of the Dungeon)
  5818 | D:5      | Reached *** piety under Demigod
  5821 | D:5      | Noticed a cyclops
  5835 | D:5      | Killed a cyclops
  5835 | D:5      | Reached skill level 6 in Unarmed Combat
  5835 | D:5      | Reached XP level 9. HP: 38/71 MP: 14/17
  6301 | D:5      | Found an ancient bone altar of Kikubaaqudgha.
  6324 | D:5      | Found an ornate altar of the Wu Jian Council.
  6488 | D:5      | Found a hide-covered altar of Uskayaw.
  6819 | D:6      | Learned a level 5 spell: Blade Hands
  6861 | D:6      | Noticed Menkaure
  6873 | D:6      | Killed Menkaure
  7292 | D:6      | Noticed Grinder
  7311 | D:6      | Killed Grinder
  7311 | D:6      | Reached skill level 7 in Unarmed Combat
  7975 | D:7      | Found a staircase to the Ecumenical Temple.
  7995 | D:7      | Found a stormy altar of Qazlal.
  8071 | D:7      | Found a basalt altar of Yredelemnul.
  8071 | D:7      | Found a shattered altar of Ashenzari.
  8072 | D:7      | Found a burning altar of Makhleb.
  8094 | D:7      | Found Taoc Lechu's Assorted Antiques.
  8098 | D:7      | Found Zuann's Distillery.
  8105 | D:7      | Bought 2 potions of heal wounds for 140 gold pieces
  8105 | D:7      | Bought a potion of heal wounds for 70 gold pieces
  8105 | D:7      | Bought a potion of heal wounds for 70 gold pieces
  8105 | D:7      | Bought a potion of curing for 42 gold pieces
  8105 | D:7      | Bought a potion of might for 56 gold pieces
  8105 | D:7      | Bought 2 potions of curing for 84 gold pieces
  8253 | D:7      | Found Cijin's Antique Weapon Emporium.
  8321 | D:7      | Found a sand-covered staircase.
  8340 | Ossuary  | Entered an ossuary
  8356 | Ossuary  | Reached **** piety under Demigod
  8479 | Ossuary  | Reached skill level 5 in Fighting
  8916 | D:7      | Reached XP level 10. HP: 81/81 MP: 14/19
  8937 | D:7      | Learned a level 2 spell: Passwall
  8959 | D:7      | Found Wedd's Antique Armour Emporium.
  9047 | D:7      | Found Laxegg's Antique Weapon Shop.
  9378 | D:5      | Killed a brown ugly thing
  9378 | D:5      | Reached skill level 8 in Unarmed Combat
  9378 | D:5      | Reached skill level 5 in Transmutations
  9387 | D:5      | Got an encrusted hand crossbow
  9544 | D:8      | Noticed Psyche
  9553 | D:8      | Killed Psyche
  9553 | D:8      | Reached skill level 5 in Invocations
  9557 | D:8      | HP: 4/83 [vampire mosquito (1)]
  9557 | D:8      | HP: 1/83 [ice beast (2)]
  9557 | D:8      | Slain by a vampire mosquito

Skill      XL: |  1  2  3  4  5  6  7  8  9 10 |
---------------+-------------------------------+-----
Transmutations | 2 3 4 5 |  5.2
Invocations    | 1 2 4 5 |  5.1
Unarmed Combat | 3 4 5 6 7 8 |  8.2
Spellcasting   | 2 3 4 |  4.2
Fighting       | 1 2 3 4 5 |  5.8
Dodging        | 2 3 4 |  4.9
Poison Magic   | 1 2 |  2.7
Armour         | 1 2 |  2.6
Ice Magic      | 2 |  2.4
Earth Magic    | |  0.2

Action                   |  1- 3 |  4- 6 |  7- 9 | 10-12 || total
-------------------------+-------+-------+-------+-------++-------
Melee: Unarmed           |    91 |   130 |   528 |    32 ||   781
       Kick              |     7 |    22 |       |       ||    29
       Headbutt          |     5 |       |       |       ||     5
       Punch             |       |     3 |    13 |       ||    16
 Cast: Beastly Appendage |    12 |    15 |       |       ||    27
       Sticks to Snakes  |     3 |     1 |       |       ||     4
       Spider Form       |     2 |     5 |    14 |     1 ||    22
       Ice Form          |       |       |    10 |       ||    10
       Blade Hands       |       |       |     6 |       ||     6
       Passwall          |       |       |       |     2 ||     2
  Use: Potion            |     3 |     1 |     5 |       ||     9
       Scroll            |       |     9 |     5 |       ||    14
 Stab: Sleeping          |     1 |     1 |     3 |       ||     5
       Distracted        |       |       |     1 |       ||     1
  Eat: Chunk             |     2 |     8 |    16 |     1 ||    27
       Ration            |       |       |     3 |       ||     3
Armor: Robe              |    16 |       |       |       ||    16
       Skin              |    13 |     3 |    38 |     8 ||    62
       Leather armour    |       |    36 |    64 |     1 ||   101
Dodge: Dodged            |    44 |    91 |   476 |    76 ||   687
